 Dungeon Crawl Stone Soup version 0.30-a0-715-gdb4ae3ece1 (webtiles) character file.

Game seed: 12492957566608489186

414 Newt the Skirmisher (level 7, 0/44 HPs)
             Began as a Kobold Hunter on Jan 24, 2023.
             Slain by a gnoll
             ... wielding a +0 flail
             ... led by a gnoll bouda
              (11 damage)
             ... on level 4 of the Dungeon.
             The game lasted 00:03:44 (3108 turns).

Newt the Skirmisher (Kobold Hunter)                 Turns: 3108, Time: 00:03:45

Health: 0/44       AC:  4    Str:  8    XL:     7   Next: 14%
Magic:  7/7        EV: 16    Int: 11    God:
Gold:   181        SH:  0    Dex: 24    Spells: 6/6 levels left

rFire   . . .      SeeInvis .    a - +0 shortbow
rCold   . . .      Faith    .    (shield currently unavailable)
rNeg    . . .      Spirit   .    d - +2 robe "Juuwetz" {Drain rElec Will+++ Dex-2}
rPois   .          Reflect  .    (no helmet)
rElec   +          Harm     .    (no cloak)
rCorr   .          Rampage  .    (no gloves)
Will    +++..                    (no boots)
Stlth   +++                      (no amulet)
HPRegen 0.27/turn                p - +6 ring of dexterity
MPRegen 0.10/turn                (no ring)

@: weakened
A: small, no large weapons, nightstalker 3
a: no special abilities


You were on level 4 of the Dungeon.
You visited 1 branch of the dungeon, and saw 4 of its levels.

You collected 181 gold pieces.

Inventory:

Hand Weapons
 a - a +0 shortbow (weapon)
Armour
 c - a +0 leather armour
 d - the +2 robe "Juuwetz" (worn) {Drain rElec Will+++ Dex-2}
   (You found it on level 2 of the Dungeon)

   Dex:       It affects your dexterity (-2).
   rElec:     It insulates you from electricity.
   Drain:     It drains your maximum health when unequipped.
   Will:      It greatly increases your willpower.
Jewellery
 p - a +6 ring of dexterity (left hand)
Scrolls
 b - 3 scrolls of immolation
 f - 2 scrolls of vulnerability
 g - 2 scrolls of fear
 h - a scroll of magic mapping
 j - a scroll of poison {unknown}
 k - a scroll of enchant armour {unknown}
 n - 2 scrolls of noise {unknown}
 o - a scroll of identify
 q - a scroll of amnesia {unknown}
Potions
 e - 3 potions of lignification
 i - a potion of degeneration {unknown}
 l - 2 potions of mutation {unknown}
 m - a potion of might {unknown}
 r - a potion of brilliance {unknown}
 s - a potion of berserk rage {unknown}


   Skills:
 - Level 5.0 Fighting
 - Level 9.0 Ranged Weapons
 + Level 2.5 Dodging
 - Level 1.3 Stealth


You had 6 spell levels left.
You didn't know any spells.
Your spell library contained the following spells:

 Spells                   Type           Power      Damage    Failure   Level
 Ensorcelled Hibernation  Hex/Ice        0%         N/A       47%         2
 Spider Form              Tmut/Pois      0%         N/A       71%         3
 Anguish                  Hex/Necr       0%         N/A       98%         4


Dungeon Overview and Level Annotations

Branches:
Dungeon (4/15)
 Temple: D:4-7

Altars:
Cheibriados


Innate Abilities, Weirdness & Mutations

You are small and have problems with some larger weapons.
You are completely attuned to the shadows.


Message History

The gnoll hits you from afar with a +0 spear.
The gnoll bouda gazes fiercely through you!
You feel as though you will be weak longer.
The gnoll bouda closely misses you.
You shoot an arrow.
The arrow barely misses the gnoll bouda.
The arrow hits the gnoll!
You kill the gnoll!
The gnoll is no longer moving quickly.
The gnoll bouda closely misses you.
You shoot an arrow.
The arrow hits the gnoll bouda but does no damage.
The gnoll bouda is heavily wounded.
The gnoll is no longer moving quickly.
The gnoll bouda gazes fiercely through you!
You feel as though you will be weak longer.
The gnoll bouda closely misses you.
You shoot an arrow. The arrow hits the gnoll bouda.
The gnoll bouda is severely wounded.
The gnoll bouda gazes fiercely through you!
You feel as though you will be weak longer.
The gnoll bouda closely misses you.
You shoot an arrow. The arrow hits the gnoll bouda!
You kill the gnoll bouda!
Training target 9.0 for Ranged Weapons reached!
Your Ranged Weapons skill increases to level 9!
You need to enable at least one skill for training.
You shoot an arrow. The arrow barely misses the gnoll.
The arrow hits the giant cockroach.
You kill the giant cockroach!
The gnoll hits you with a +0 flail.
You shoot an arrow. The arrow hits the gnoll.
The gnoll is lightly wounded.
The gnoll hits you with a +0 flail!
You are too injured to fight recklessly!
The gnoll is no longer moving quickly.
The gnoll attacks as you move away! The gnoll misses you.
The gnoll attacks as you move away! The gnoll hits you with a +0 flail!
* * * LOW HITPOINT WARNING * * *
The gnoll attacks as you move away! The gnoll hits you with a +0 flail!
You die...

####....####.####
............#
##.....###..#
#........#..#
#.....#.....#
##...##.....#
+..........#
##....####>.#
....#@#.>...# #
###.#g...# ..
#....g#######...
..(...####......
##....g))g......
.....>####.#.#.#
....).# #.#.# .
......# #.#..
#.##### #.#


You could see 3 gnolls.

Vanquished Creatures
  Sigmund (D:3)
  An orc priest (D:3)
  A jelly (D:2)
  A gnoll bouda (D:4)
  An iguana (D:4)
  An orc wizard (D:3)
  2 gnolls (D:4)
  2 adders
  9 orcs
  4 ball pythons
  5 endoplasms
  3 giant cockroaches
  4 goblins
  5 hobgoblins
  7 jackals
  5 kobolds
  2 quokkas (D:1)
  5 bats
  13 frilled lizards
  8 rats
80 creatures vanquished.

Vanquished Creatures (others)
  6 plants
6 creatures vanquished.

Grand Total: 86 creatures vanquished

Notes
Turn   | Place    | Note
-------+----------+-------------------------------------------
     0 | D:1      | Newt the Kobold Hunter began the quest for the Orb.
     0 | D:1      | Reached XP level 1. HP: 12/12 MP: 1/1
   163 | D:1      | Reached XP level 2. HP: 18/18 MP: 2/2
   204 | D:1      | Found a faded altar of an unknown god.
   389 | D:1      | Reached XP level 3. HP: 23/23 MP: 3/3
  1214 | D:2      | Identified the +2 robe "Juuwetz" {Drain rElec Will+++
                  | Dex-2}
  1362 | D:2      | Reached XP level 4. HP: 30/30 MP: 4/4
  1444 | D:2      | Reached skill level 5 in Fighting
  1995 | D:3      | Reached XP level 5. HP: 35/35 MP: 5/5
  2074 | D:3      | Reached skill level 6 in Ranged Weapons
  2735 | D:3      | Found a snail-covered altar of Cheibriados.
  2743 | D:3      | Noticed Sigmund
  2751 | D:3      | Killed Sigmund
  2752 | D:3      | Reached skill level 8 in Ranged Weapons
  2752 | D:3      | Reached XP level 6. HP: 26/40 MP: 6/6
  3014 | D:4      | Reached XP level 7. HP: 39/44 MP: 7/7
  3102 | D:4      | Reached skill level 9 in Ranged Weapons
  3108 | D:4      | Slain by a gnoll

Illustrated notes

Levels and vault maps discovered:
D:1:      sevenhm_arrival_forest_fort_large_4, layout_loops_ring,
          ebering_ecumenical_altar_box, minmay_lizard_king
D:2:      layout_basic, serial_bayou_lagoon_a
D:3:      layout_basic, mainiacjoe_overflow_concentric_impassable, uniq_sigmund
D:4:      layout_basic, minmay_temple_entry_ruins, uniq_natasha, uniq_menkaure

Skill      XL: |  1  2  3  4  5  6  7 |
---------------+----------------------+-----
Fighting       | 3 4 5 |  5.0
Ranged Weapons | 8 9 |  9.0
Dodging        | |  2.5
Stealth        | |  1.3

Action                     |  1- 3 |  4- 6 |  7- 9 || total
---------------------------+-------+-------+-------++-------
   Fire: Shortbow          |    99 |    88 |    21 ||   208
    Use: Scroll            |     4 |       |       ||     4
 Armour: Leather armour    |     9 |       |       ||     9
         Robe              |     2 |    12 |     1 ||    15
  Dodge: Dodged            |    49 |    41 |    14 ||   104

Table legend: (Time is in decaauts)
 A = Elapsed time spent in this place.
 B = Non-inter-level travel time spent in this place.
 C = Inter-level travel time spent in this place.
 D = Time resting spent in this place.
 E = Time spent auto-exploring this place.
 F = Levels seen in this place.
 G = Mean time per level.
                   A        B        C        D        E       F      G
               +--------+--------+--------+--------+--------+-----+--------+
         Total |   3157 |   3010 |    147 |    398 |   2215 |   4 |  789.2 |
       Dungeon |   3157 |   3010 |    147 |    398 |   2215 |   4 |  789.2 |
               +--------+--------+--------+--------+--------+-----+--------+

Top non-repeatable levels by time:
     D:3: 1134 daAuts
     D:1: 1089 daAuts
     D:2: 826 daAuts
     D:4: 106 daAuts
